 Dungeon Crawl Stone Soup version 0.31-a0-115-g4708a659fe (webtiles) character file.

Game seed: 11347472948425544652

6443 Jeffwins the Magician (level 10, -3/46 HPs)
             Began as a Vine Stalker Wanderer on May 29, 2023.
             Was a High Priest of Vehumet.
             Succumbed to a swamp dragon's poison gas
             ... in a bailey.
             The game lasted 00:18:01 (9227 turns).

Jeffwins the Magician (Vine Stalker Wanderer)       Turns: 9227, Time: 00:18:01

Health: -3/46      AC: 13    Str: 16    XL:     10   Next: 99%
Magic:  3/21       EV: 16    Int: 15    God:    Vehumet [*****.]
Gold:   1194       SH:  0    Dex: 14    Spells: 7/23 levels left

rFire   . . .        a - +0 demon trident (heavy)
rCold   . . .        (no shield)
rNeg    . . .        A - +2 steam dragon scales
rPois   .            K - +0 helmet
rElec   .            I - +0 cloak
rCorr   .            (no gloves)
SInv    .            (no boots)
Will    +....        w - amulet of magic regeneration
Stlth   +++          O - +4 ring of protection
HPRegen 1.07/turn    E - +5 ring of evasion
MPRegen 0.57/turn

%: guardian spirit
@: lethally poisoned (-3 -> -16)
A: fangs 3, regeneration 1, magic shield, antimagic bite, no potion heal 2
a: Renounce Religion


You were in a bailey.
You worshipped Vehumet.
Vehumet was extremely pleased with you.
You visited 1 branch of the dungeon, and saw 9 of its levels.
You also visited: Sewer and Bailey.

You collected 1234 gold pieces.
You spent 40 gold pieces at shops.


Innate Abilities, Weirdness & Mutations

You have razor-sharp teeth.
Your natural rate of healing is unusually fast.
When hurt, damage is shared between your health and your magic reserves.
Your bite disrupts and absorbs the magic of your enemies.
Potions cannot restore your health.


   Skills:
 - Level 1.7 Fighting
 * Level 4.0(4.9) Polearms
 - Level 4.1(5.0) Staves
 + Level 4.2 Throwing
 - Level 1.0 Dodging
 - Level 5.0 Stealth
 * Level 7.1 Spellcasting
 * Level 6.5 Conjurations
 * Level 6.5 Fire Magic
 * Level 6.3 Earth Magic
 + Level 4.0 Evocations


You had 7 spell levels left.
You knew the following spells:

 Your Spells              Type           Power      Damage    Failure   Level
a - Sandblast             Erth           48%        2d12      1%          1
c - Fireball              Conj/Fire      12%        3d7       7%          5
d - Orb of Destruction    Conj           12%        9d7       86%         7
x - Scorch                Fire           48%        2d7       1%          2
z - Foxfire               Conj/Fire      96%        2x1d8     1%          1

Your spell library contained the following spells:

 Spells                   Type           Power      Damage    Failure   Level
 Shock                    Conj/Air       60%        1d6       1%          1
 Volatile Blastmotes      Fire/Tloc      30%        2d12      3%          3
 Slow                     Hex            20%        N/A       13%         1
 Airstrike                Air            2%         2d(1-17)  32%         4
 Starburst                Conj/Fire      12%        6d5       32%         6
 Confusing Touch          Hex            5%         N/A       36%         3
 Swiftness                Air            5%         N/A       36%         3
 Vampiric Draining        Necr           5%         2d6       36%         3
 Plasma Beam              Fire/Air       7%         2x1d20    75%         6

Inventory:

Hand Weapons
 a - a +0 heavy demon trident (weapon)
 t - the +9 lance "Wyrmbane" {slay drac, rPois rF+ rC+ AC+3}
   (You took it off Maggie on level 6 of the Dungeon)

   AC:        It affects your AC (+3).
   rF:        It protects you from fire.
   rC:        It protects you from cold.
   rPois:     It protects you from poison.
 Q - a +3 quarterstaff
Missiles
 h - 24 poisoned darts
Armour
 f - a +1 robe of positive energy
 A - +2 steam dragon scales (worn)
 I - a +0 cloak (worn)
 K - a +0 helmet (worn)
Magical Staves
 D - a staff of air
 P - the staff of poison "Xeocery" {rPois Will+ Str+3}
   (You found it on level 8 of the Dungeon)

   [staff of poison]

   Base accuracy: +5 Base damage: 5 Base attack delay: 1.2 This weapon's minimum
   attack delay (0.6) is reached at skill level 12.
   Str:       It affects your strength (+3).
   rPois:     It protects you from poison.
   Will:      It increases your willpower.
   It falls into the 'Staves' category.
   It is a one-handed weapon.
Jewellery
 g - an amulet of regeneration
 o - a +4 ring of protection
 w - an amulet of magic regeneration (around neck)
 C - a ring of ice
 E - a +5 ring of evasion (right hand)
 H - an amulet of faith {!P}
 O - a +4 ring of protection (left hand)
 S - a +6 ring of strength
Wands
 j - a wand of mindburst (11)
 x - a wand of iceblast (12)
 L - a wand of flame (32)
 M - a wand of polymorph (6)
Scrolls
 b - a scroll of silence {!r}
 c - 4 scrolls of fog
 d - 3 scrolls of enchant armour
 k - 8 scrolls of teleportation {unknown}
 m - a scroll of butterflies
 r - a scroll of blinking
 y - a scroll of vulnerability {!r}
 F - 5 scrolls of amnesia
 J - 4 scrolls of noise {unknown}
Potions
 e - a potion of brilliance {unknown}
 i - 4 potions of invisibility {unknown}
 l - 3 potions of mutation {unknown}
 p - 2 potions of cancellation {unknown}
 q - 2 potions of haste {unknown}
 u - a potion of magic {unknown}
 v - 2 potions of lignification {unknown}
 B - a potion of enlightenment {unknown}
 G - 2 potions of degeneration {unknown}
 N - a potion of attraction {unknown}

Dungeon Overview and Level Annotations

Branches:
Dungeon (9/15)             Temple (0/1) D:5           Sewer (visited)
 Bailey (1/1)
   Lair: D:8-11         Orc: D:9-12

Altars:
Okawaru
Trog
Vehumet

Shops:
D:1 :   D:3 *=!

Annotations:
D:4 2 transporters, NateTC's ghost, novice DjCj
D:7 2 transporters, GonguanaGonguana's ghost, novice MeEE

#............▒▒.▒▒▓.⚑.▓▒▒.▒▒.....
#..........).▒▒.')▓.o.▓)'.▒▒.....
#............▒▒.▒▒▓▓o▓▓▒▒.▒▒.....
#............▒▒..▒▒∩)o▒▒..▒......
#................▒▒'''▒..▒▒......
#................▒▒...o.▒▒.......
#......≈≈.≈≈≈.D..▒▒....▒▒...≈≈≈.≈
#.....≈≈▒)▒▒≈....▒▒▒▒▒▒▒....≈▒▒.▒
#.....≈▒▒)∩▒≈...@°.........)≈▒∩.▒
#.....≈▒.......°○○..........))...
#.....≈▒▒.▒▒≈.○☼.○..........≈▒▒.▒
#.....≈≈▒▒▒≈≈...............≈≈▒▒▒
#......≈≈≈≈≈.................≈≈≈≈
#................................
#................................
#................................
#∩...............................


You could see a swamp dragon (catching breath).


Message History

Unknown command.
Unknown command.
Aiming: Mindburst
Press: ? - help, Shift-Dir - straight line, f/p - swamp dragon
Aim: a swamp dragon (lightly wounded, catching its breath, chance to affect: 64%)
The swamp dragon struggles to resist.
You are engulfed in poison gas.
You are lethally poisoned!
* * * LOW HITPOINT WARNING * * *
You feel extremely sick.
Unknown command.
Okay, then.
Okay, then.
It was a potion of curing.
Your system rejects the healing.
You feel better.
You are engulfed in poison gas.
You are poisoned.
* * * LOW HITPOINT WARNING * * *
x2 You feel very sick.
Unknown command.
Unknown command.
Your system rejects the healing.
You feel better.
You are engulfed in poison gas.
You are lethally poisoned!
* * * LOW HITPOINT WARNING * * *
x2 You feel very sick.
Unknown command.
Unknown command.
Your system rejects the healing.
You feel better.
You are engulfed in poison gas.
You are lethally poisoned!
You die...

Skill      XL: |  1  2  3  4  5  6  7  8  9 10 |
---------------+-------------------------------+-----
Conjurations   | 1 2 3 4 5 6 |  6.5
Fire Magic     | 1 2 3 4 5 6 |  6.5
Staves         | 3 4 |  4.1
Spellcasting   | 3 4 5 6 7 |  7.1
Earth Magic    | 1 2 3 4 5 6 |  6.3
Stealth        | 3 4 5 |  5.0
Throwing       | 1 2 3 4 |  4.2
Evocations     | 1 2 3 4 |  4.0
Polearms       | 2 4 |  4.0
Fighting       | |  1.7
Dodging        | |  1.0

Action                     |  1- 3 |  4- 6 |  7- 9 | 10-12 || total
---------------------------+-------+-------+-------+-------++-------
  Melee: Quarterstaff      |    34 |    12 |    10 |       ||    56
         Bite              |     6 |     2 |     3 |     3 ||    14
         Demon trident     |       |       |     7 |    17 ||    24
   Cast: Foxfire           |    72 |   239 |   216 |   110 ||   637
         Scorch            |       |     1 |    76 |   113 ||   190
  Evoke: Wand              |       |       |     4 |     6 ||    10
    Use: Scroll            |       |       |     9 |     2 ||    11
         Potion            |       |       |       |     3 ||     3
   Stab: Sleeping          |     4 |     1 |     2 |       ||     7
 Armour: Leather armour    |     3 |       |       |       ||     3
         Robe              |     2 |    10 |    15 |       ||    27
         Steam dragon scal |       |       |     6 |    22 ||    28
  Dodge: Dodged            |    23 |    58 |    47 |    86 ||   214

Levels and vault maps discovered:
D:1:      dpeg_arrival_long_road, layout_rooms,
          dreamdust_ecumenical_altar_sealed_demon, nicolae_shop_vocational
D:2:      layout_basic, uniq_sigmund
D:3:      layout_basic, gup_sewer_entry_pipe, serial_shops, shop, shop, shop
D:4:      layout_basic, gammafunk_ghost_arena, serial_park_tiny_pond, uniq_ijyb
D:5:      layout_rooms, minmay_temple_entry_large_hall, uniq_blork_the_orc,
          uniq_prince_ribbit1
D:6:      layout_gridville, uniq_maggie, uniq_menkaure, uniq_crazy_yiuf_cottage
D:7:      minmay_slanted_spiral_squares, layout_layer_cave,
          mainiacjoe_overflow_catwalk, gammafunk_ghost_wrathful_warriors,
          uniq_joseph
D:8:      layout_basic, water_boxes_lemuel
D:9:      layout_irregular_city, serial_rivers, chequers_serial_rivers_micro_e,
          chequers_serial_rivers_room_b, chequers_serial_rivers_small_3,
          chequers_serial_rivers_room_a, chequers_serial_rivers_marsh,
          chequers_serial_rivers_small_3, enter_bailey_2, minmay_three_doors
Bailey:   bailey_polearm_2, bailey

Notes
Turn   | Place    | Note
-------+----------+-------------------------------------------
     0 | D:1      | Jeffwins the Vine Stalker Wanderer began the quest for the
                  | Orb.
     0 | D:1      | Jeffwins set off with the following items: a +3
                  | quarterstaff, a scroll of silence {!r}, a +0 leather
                  | armour; and the following spell memorised: Foxfire; and the
                  | following spells available to memorise: Volatile
                  | Blastmotes.
     0 | D:1      | Reached XP level 1. HP: 11/11 MP: 4/4
   147 | D:1      | Reached XP level 2. HP: 15/15 MP: 1/6
   477 | D:1      | Found a faded altar of an unknown god.
   477 | D:1      | Noticed a smoke demon
   488 | D:1      | Prayed at the altar of an unknown god.
   488 | D:1      | Became a worshipper of Vehumet
   488 | D:1      | Reached * piety under Vehumet
   488 | D:1      | Offered knowledge of Sandblast by Vehumet.
   565 | D:1      | Reached skill level 1 in Conjurations
   566 | D:1      | Reached skill level 1 in Fire Magic
   580 | D:1      | Reached XP level 3. HP: 12/18 MP: 0/7
   582 | D:1      | Learned a level 1 spell: Sandblast
   648 | D:1      | Found Mittez's Vocational Training.
  1331 | D:2      | Gained mutation: Your natural rate of healing is unusually
                  | fast. [Vine Stalker growth]
  1331 | D:2      | Reached XP level 4. HP: 23/23 MP: 1/9
  1590 | D:2      | Reached skill level 3 in Staves
  1611 | D:1      | Reached ** piety under Vehumet
  1612 | D:1      | Reached skill level 3 in Spellcasting
  1612 | D:1      | Reached skill level 1 in Earth Magic
  1676 | D:2      | Offered knowledge of Static Discharge by Vehumet.
  1677 | D:2      | Reached skill level 3 in Stealth
  1873 | D:2      | Noticed Sigmund
  1882 | D:2      | Killed Sigmund
  1883 | D:2      | Reached skill level 2 in Conjurations
  1883 | D:2      | Reached skill level 2 in Fire Magic
  1883 | D:2      | Reached XP level 5. HP: 24/26 MP: 0/11
  1883 | D:2      | Reached XP level 6. HP: 27/30 MP: 0/12
  2094 | D:3      | Found Gede's Jewellery Shop.
  2401 | D:3      | Found Mukuy's General Store.
  2408 | D:3      | Bought a scroll of butterflies for 40 gold pieces
  2592 | D:3      | Found a glowing drain.
  2640 | Sewer    | Entered a sewer
  2867 | Sewer    | Offered knowledge of Scorch by Vehumet.
  2956 | Sewer    | Reached skill level 1 in Throwing
  2956 | Sewer    | Reached skill level 2 in Earth Magic
  2956 | Sewer    | Reached skill level 1 in Evocations
  3021 | Sewer    | Learned a level 2 spell: Scorch
  3138 | Sewer    | Reached *** piety under Vehumet
  3442 | Sewer    | Offered knowledge of Inner Flame by Vehumet.
  3587 | Sewer    | Reached XP level 7. HP: 29/34 MP: 7/13
  3659 | D:3      | Identified a scroll of acquirement
  3691 | D:3      | Found Caet's Distillery.
  3701 | D:3      | Acquired 850 gold pieces
  3820 | D:3      | Reached skill level 3 in Fire Magic
  4226 | D:4      | Found a transporter.
  4228 | D:4      | Found a transporter.
  4228 | D:4      | Noticed NateTC's ghost (novice DjCj)
  4228 | D:4      | Noticed a hornet
  4283 | D:4      | Reached skill level 3 in Conjurations
  4392 | D:4      | Reached **** piety under Vehumet
  4405 | D:4      | Noticed Ijyb
  4419 | D:4      | Killed Ijyb
  4420 | D:4      | Reached skill level 4 in Spellcasting
  4530 | D:4      | Offered knowledge of Flame Wave by Vehumet.
  4816 | D:5      | Entered Level 5 of the Dungeon
  4826 | D:5      | Found a staircase to the Ecumenical Temple.
  4937 | D:5      | Noticed Blork the orc
  4938 | D:5      | Reached skill level 2 in Throwing
  4938 | D:5      | Reached skill level 4 in Stealth
  4938 | D:5      | Reached skill level 3 in Earth Magic
  4938 | D:5      | Gained mutation: You have razor-sharp teeth. [Vine Stalker
                  | growth]
  4938 | D:5      | Reached XP level 8. HP: 36/38 MP: 9/15
  4944 | D:5      | Killed Blork the orc
  5037 | D:5      | Reached skill level 2 in Evocations
  5189 | D:5      | Noticed Prince Ribbit
  5193 | D:5      | Killed Prince Ribbit
  5194 | D:5      | Reached skill level 4 in Conjurations
  5194 | D:5      | Reached skill level 4 in Fire Magic
  5242 | D:5      | Reached skill level 4 in Staves
  5420 | D:6      | Reached skill level 5 in Spellcasting
  5420 | D:6      | Reached skill level 4 in Earth Magic
  5479 | D:6      | Noticed Menkaure
  5487 | D:6      | Killed Menkaure
  5488 | D:6      | Reached XP level 9. HP: 33/42 MP: 9/17
  5620 | D:6      | Reached skill level 5 in Stealth
  6077 | D:6      | Noticed Maggie
  6084 | D:6      | Killed Maggie
  6085 | D:6      | Reached skill level 1 in Polearms
  6085 | D:6      | Reached skill level 3 in Throwing
  6224 | D:6      | Found a runed translucent door.
  6225 | D:6      | Noticed Crazy Yiuf
  6232 | D:6      | Killed Crazy Yiuf
  6316 | D:7      | Reached skill level 5 in Conjurations
  6316 | D:7      | Reached skill level 5 in Fire Magic
  6417 | D:7      | Reached skill level 3 in Evocations
  6507 | D:7      | Reached ***** piety under Vehumet
  6563 | D:7      | Found an iron altar of Okawaru.
  6593 | D:7      | Noticed a moth of wrath
  6595 | D:7      | Found a transporter.
  6597 | D:7      | Found a bloodstained altar of Trog.
  6605 | D:7      | Noticed GonguanaGonguana's ghost (novice MeEE)
  6622 | D:7      | Found a transporter.
  6661 | D:7      | Noticed Joseph
  6667 | D:7      | Reached skill level 5 in Earth Magic
  6678 | D:7      | Killed Joseph
  6679 | D:7      | Reached skill level 2 in Polearms
  6679 | D:7      | Reached skill level 6 in Spellcasting
  6727 | D:7      | Offered knowledge of Orb of Destruction by Vehumet.
  6728 | D:7      | Reached XP level 10. HP: 35/46 MP: 15/20
  6841 | D:7      | Noticed a manticore
  6848 | D:7      | Killed a manticore
  6863 | D:7      | Reached skill level 3 in Polearms
  7283 | D:7      | Reached skill level 6 in Fire Magic
  7692 | D:8      | Reached skill level 6 in Conjurations
  7847 | D:8      | Identified the staff of poison "Xeocery" {rPois Will+
                  | Str+3}
  7996 | D:8      | Learned a level 7 spell: Orb of Destruction
  8431 | D:8      | Learned a level 5 spell: Fireball
  8605 | D:9      | Reached skill level 4 in Throwing
  8614 | D:9      | Reached skill level 6 in Earth Magic
  8661 | D:9      | Found a flagged portal.
  8682 | Bailey   | Entered a bailey
  8911 | Bailey   | Reached skill level 7 in Spellcasting
  8944 | Bailey   | Reached skill level 4 in Evocations
  9046 | Bailey   | Noticed an orc knight
  9144 | Bailey   | Reached skill level 4 in Polearms
  9218 | Bailey   | an orc knight changed into a swamp dragon
  9218 | Bailey   | Noticed a swamp dragon
  9226 | Bailey   | HP: 4/46 [swamp dragon] (2)]
  9226 | Bailey   | HP: 1/46 [poisoned by a swamp dragon (poison gas)]
  9227 | Bailey   | Succumbed to a swamp dragon's poison gas

Vanquished Creatures
  A manticore (D:7)
  Joseph (D:7)
  Maggie (D:6)
  Prince Ribbit (D:5)
  A shadow (D:7)
  Sigmund (D:2)
  2 steam dragons
  Menkaure (D:6)
  5 water moccasins
  An acid dragon (D:9)
  10 orc warriors (Bailey)
  A black bear (D:7)
  2 ice beasts (D:7)
  2 ogres (D:5)
  A centaur (D:5)
  3 phantoms
  2 kobold brigands
  Blork the orc (D:5)
  6 bullfrogs
  2 scorpions
  9 wights
  5 killer bees (D:7)
  An electric eel (D:8)
  A howler monkey (D:6)
  A hound (D:7)
  An orc priest (D:9)
  Crazy Yiuf (D:6)
  4 jellies
  Ijyb (D:4)
  3 iguanas
  3 orc wizards
  A sleepcap (D:6)
  3 gnolls (D:2)
  14 adders
  6 river rats (Sewer)
  2 shadow imps
  3 white imps
  2 worms
  2 dart slugs
  24 orcs
  13 ball pythons
  8 endoplasms
  7 giant cockroaches
  6 goblins
  8 hobgoblins
  4 jackals
  10 quokkas
  3 bats
  7 frilled lizards
  18 kobolds
  35 rats
251 creatures vanquished.

Vanquished Creatures (collateral kills)
  A foxfire (D:1)
1 creature vanquished.

Vanquished Creatures (others)
  1141 foxfires
1141 creatures vanquished.

Grand Total: 1393 creatures vanquished

Table legend: (Time is in decaauts)
 A = Elapsed time spent in this place.
 B = Non-inter-level travel time spent in this place.
 C = Inter-level travel time spent in this place.
 D = Time resting spent in this place.
 E = Time spent auto-exploring this place.
 F = Levels seen in this place.
 G = Mean time per level.
                   A        B        C        D        E       F      G
               +--------+--------+--------+--------+--------+-----+--------+
         Total |   9297 |   9062 |    235 |    163 |   7006 |  11 |  845.2 |
       Dungeon |   7702 |   7467 |    235 |     89 |   5876 |   9 |  855.8 |
         Sewer |   1048 |   1048 |      0 |     44 |    829 |   1 | 1048.0 |
        Bailey |    547 |    547 |      0 |     30 |    300 |   1 |  547.0 |
               +--------+--------+--------+--------+--------+-----+--------+

Top non-repeatable levels by time:
     D:7: 1382 daAuts
     D:1: 1196 daAuts
     D:3: 1078 daAuts
   Sewer: 1048 daAuts
     D:6: 945 daAuts
     D:2: 906 daAuts
     D:8: 771 daAuts
     D:4: 639 daAuts
     D:5: 553 daAuts
  Bailey: 547 daAuts
     D:9: 228 daAuts

Table legend:
 A = Non-vault XP
 B = Vault XP
 C = Vault XP percentage of total XP
 D = Non-vault monster count
 E = Vault monster count
 F = Vault count percentage of total count
                 A         B        C        D         E       F
            +---------+---------+-------+---------+---------+-------
      Total |    4556 |    4649 |  50.5 |     160 |      91 |  36.3
            +---------+---------+-------+---------+---------+-------
        D:1 |      68 |       0 |   0.0 |      32 |       0 |   0.0
        D:2 |      73 |     214 |  74.6 |      22 |       1 |   4.3
        D:3 |      75 |      14 |  15.7 |      13 |       7 |  35.0
        D:4 |     262 |      36 |  12.1 |      16 |       1 |   5.9
        D:5 |     771 |     391 |  33.6 |      13 |       2 |  13.3
        D:6 |     687 |     631 |  47.9 |      14 |       3 |  17.6
        D:7 |    1484 |    1661 |  52.8 |      27 |       9 |  25.0
        D:8 |     370 |       0 |   0.0 |      11 |       0 |   0.0
        D:9 |     766 |       0 |   0.0 |      12 |       0 |   0.0
      Sewer |       0 |     336 | 100.0 |       0 |      48 | 100.0
     Bailey |       0 |    1366 | 100.0 |       0 |      20 | 100.0
            +---------+---------+-------+---------+---------+-------
